 Dungeon Crawl Stone Soup version 0.31.0-11-ge490571c62 (webtiles) character file.

Game seed: 753535185944695909

48 browni3141 the Trooper (level 3, -2/33 HPs)
             Began as a Minotaur Fighter on Jan 27, 2024.
             Slain by a kobold
             ... wielding a +0 short sword
              (3 damage)
             ... on level 3 of the Dungeon.
             The game lasted 00:00:28 (727 turns).

browni3141 the Trooper (Minotaur Fighter)            Turns: 727, Time: 00:00:29

Health: -2/33      AC:  7    Str: 22    XL:     3   Next: 50%
Magic:  2/2        EV:  9    Int:  5    God:
Gold:   81         SH:  4    Dex:  9    Spells: 2/2 levels left

rFire   . . .        a - +0 war axe
rCold   + . .        c - +0 buckler
rNeg    . . .        b - +0 scale mail
rPois   .            (helmet restricted)
rElec   .            (no cloak)
rCorr   .            (no gloves)
SInv    .            (no boots)
Will    .....        (no amulet) Stlth
                     g - ring of protection from cold
HPRegen 0.25/turn    (no ring)
MPRegen 0.08/turn

%: no passive effects
@: on fire, glowing
A: horns 2, retaliatory headbutt
a: no special abilities


You were on level 3 of the Dungeon.
You visited 1 branch of the dungeon, and saw 3 of its levels.

You collected 81 gold pieces.

Inventory:

Hand Weapons
 a - a +0 war axe (weapon)
Armour
 b - a +0 scale mail (worn)
 c - a +0 buckler (worn)
Jewellery
 g - a ring of protection from cold (left hand)
Scrolls
 h - a scroll of summoning {unknown}
 i - a scroll of fog {unknown}
 k - a scroll of identify {unknown}
 m - a scroll of fear {unknown}
 n - a scroll of torment {unknown}
Potions
 d - a potion of might
 e - 2 potions of mutation {unknown}
 f - a potion of magic {unknown}
 j - a potion of cancellation {unknown}
 l - a potion of curing {unknown}


   Skills:
 + Level 4.2 Fighting
 + Level 3.1 Axes
 + Level 4.1 Armour
 + Level 4.1 Shields


You had 2 spell levels left.
You didn't know any spells.
Your spell library was empty.

Dungeon Overview and Level Annotations

Branches:
Dungeon (3/15)

Altars:


Innate Abilities, Weirdness & Mutations

You have a pair of horns on your head.
You reflexively headbutt those who attack you in melee.


Message History

You kill the endoplasm!
No target in view!
No target in view!
l - a bubbling green potion A bat comes into view.
A bat is nearby!
A bat is nearby!
The bat barely misses you.
You hit the bat.
You kill the bat!
No target in view!
No target in view!
m - a scroll labelled SEPEUC ERGHU A hobgoblin comes into view.
The hobgoblin shouts!
A hobgoblin is nearby!
A hobgoblin is nearby!
You block the hobgoblin's attack.
You hit the hobgoblin but do no damage. The hobgoblin hits you.
You hit the hobgoblin.
The hobgoblin is almost dead.
The hobgoblin hits you. You block the hobgoblin's attack.
You slash the hobgoblin!
You kill the hobgoblin!
Your Fighting skill increases to level 4!
No target in view!
You see here a hobgoblin corpse.
Found a stone staircase leading down.
You now have 81 gold pieces (gained 19).
n - a scroll labelled MESIEL ACANOQUIR A ball python comes into view.
The ball python hisses angrily.
A ball python is nearby!
You hit the ball python.
You kill the ball python!
No target in view!
There is a stone staircase leading down here.
You climb downwards.
There is a stone staircase leading up here.
A rat comes into view.
The rat squeaks loudly.
A giant cockroach comes into view.
There are monsters nearby!
There are monsters nearby!
There are monsters nearby!
The giant cockroach barely misses you.
You hit the giant cockroach.
The giant cockroach is almost dead.
The giant cockroach barely misses you. You furiously retaliate!
You headbutt the giant cockroach!
You kill the giant cockroach!
You hit the rat but do no damage. The rat bites you but does no damage.
You barely miss the rat. The rat bites you but does no damage.
The rat barely misses you. You furiously retaliate!
You headbutt the rat!
You kill the rat!
No target in view!
A bombardier beetle comes into view.
The bombardier beetle moves out of view.
Key pressed, stopping explore.
No target in view!
A bombardier beetle is nearby!
A bombardier beetle is nearby!
You slash the bombardier beetle!
The bombardier beetle is almost dead.
The bombardier beetle sprays incendiary fluid at you.
The burning spray misses you.
You barely miss the bombardier beetle.
The bombardier beetle is almost dead.
The bombardier beetle sprays incendiary fluid at you.
The burning spray hits you.
You are covered in liquid fire!
You barely miss the bombardier beetle.
The bombardier beetle is almost dead.
The liquid fire burns you!
The bombardier beetle sprays incendiary fluid at you.
The burning spray hits you.
You are even more covered in liquid fire!
You barely miss the bombardier beetle. You headbutt the bombardier beetle.
You kill the bombardier beetle!
The liquid fire burns you!
Your Axes skill increases to level 3!
Your Armour skill increases to level 4!
Your Shields skill increases to level 4!
You have reached level 3!
Your experience leads to an increase in your attributes!
Increase (S)trength, (I)ntelligence, or (D)exterity?
You feel stronger. x2
A kobold comes into view. It is wielding a +0 short sword.
You shake off some of the fire as you move.
The liquid fire burns you!
The kobold shouts!
You see here a bombardier beetle corpse.
You shake off some of the fire as you move.
The liquid fire burns you!
You shake off some of the fire as you move.
The liquid fire burns you!
The kobold hits you with a +0 short sword.
You hit the kobold but do no damage. The liquid fire burns you!
The kobold hits you with a +0 short sword.
You die...

#.# #.# #.###
#...## ##...#
##.#.#.# ##.##.#
.# #######†###.##
.#
#.$$K@.........
..
.................
.
###.######.##.##.
# #.#.# #.. #.#
.# #


You could see a kobold.

Vanquished Creatures
  A bombardier beetle (D:3)
  An orc (D:2)
  3 endoplasms
  A giant cockroach (D:3)
  3 hobgoblins
  3 ball pythons
  2 bats
  A frilled lizard (D:1)
  A goblin (D:1)
  2 rats
18 creatures vanquished.

Notes
Turn   | Place    | Note
-------+----------+-------------------------------------------
     0 | D:1      | browni3141 the Minotaur Fighter began the quest for the
                  | Orb.
     0 | D:1      | Reached XP level 1. HP: 19/19 MP: 0/0
   429 | D:2      | Reached XP level 2. HP: 27/27 MP: 1/1
   715 | D:3      | Noticed a bombardier beetle
   723 | D:3      | Killed a bombardier beetle
   724 | D:3      | Reached XP level 3. HP: 24/33 MP: 2/2
   727 | D:3      | HP: 1/33 [burnt (8)]
   727 | D:3      | Slain by a kobold

Illustrated notes

Levels and vault maps discovered:
D:1:      reono_arrival_forest_river, layout_loops_corners,
          minmay_misc_feat_ornament
D:2:      layout_basic, basic_altar
D:3:      layout_loops_ring, nicolae_overflow_crystal_walls,
          gammafunk_ghost_grave, corexii_corridor_pit

Skill      XL: |  1  2 |
---------------+-------+-----
Fighting       | 4 |  4.2
Axes           | 3 |  3.1
Armour         | 4 |  4.1
Shields        | 4 |  4.1

Action                     || total
---------------------------++-------
  Melee: War axe           ||    34
         Headbutt          ||     4
 Armour: Scale mail        ||    18
  Dodge: Dodged            ||    13
  Block: Buckler           ||     6
